 Dungeon Crawl Stone Soup version 0.29.1-15-g9cfb28693d (webtiles) character file.

Game seed: 13241285824214150099

1529 Peloso the Carver (level 8, -2/71 HPs)
             Began as a Minotaur Fighter on Mar 12, 2023.
             Slain by a troll (15 damage)
             ... on level 5 of the Dungeon.
             The game lasted 00:10:08 (6666 turns).

Peloso the Carver (Minotaur Fighter)                Turns: 6666, Time: 00:10:08

Health: -2/71      AC: 11    Str: 20    XL:     8   Next: 55%
Magic:  7/7        EV:  8    Int:  5    God:
Gold:   279        SH:  5    Dex: 13    Spells: 7/7 levels left

rFire   . . .      SeeInvis .   a - +3 falchion
rCold   . . .      Faith    .   d - +0 buckler
rNeg    . . .      Spirit   .   c - +0 chain mail
rPois   .          Reflect  .   (helmet restricted)
rElec   .          Harm     .   k - +0 cloak
rCorr   .          Rampage  .   (no gloves)
Will    .....                   (no boots)
Stlth   ..........              (no amulet)
HPRegen 0.21/turn               (no ring)
MPRegen 0.10/turn               (no ring)

@: no status effects
A: horns 2, retaliatory headbutt
a: no special abilities


You were on level 5 of the Dungeon.
You visited 1 branch of the dungeon, and saw 6 of its levels.

You collected 279 gold pieces.

Inventory:

Hand Weapons
 a - a +3 falchion (weapon)
 b - a +1 falchion of electrocution
Armour
 c - a +0 chain mail (worn)
 d - a +0 buckler (worn)
 k - a +0 cloak (worn)
Jewellery
 s - a +6 ring of intelligence
Wands
 r - a wand of quicksilver (9)
 v - a wand of paralysis (11)
 x - a wand of digging (4)
Scrolls
 f - 3 scrolls of teleportation
 h - a scroll of fear
 j - 2 scrolls of amnesia
 m - a scroll of brand weapon {unknown}
 n - a scroll of enchant weapon {unknown}
 p - a scroll of fog {unknown}
 t - a scroll of poison {unknown}
 u - a scroll of noise {unknown}
Potions
 e - a potion of mutation
 g - 2 potions of haste
 i - a potion of might
 o - 2 potions of lignification {unknown}
 q - 4 potions of curing
 w - 2 potions of resistance


   Skills:
 + Level 6.6 Fighting
 + Level 8.9 Long Blades
 + Level 7.2 Armour
 + Level 2.2 Dodging
 + Level 0.1 Stealth
 + Level 5.2 Shields


You had 7 spell levels left.
You didn't know any spells.
Your spell library contained the following spells:

 Spells                   Type           Power      Damage    Failure   Level
 Conjure Flame            Conj/Fire      0%         6-21      100%        3
 Ignite Poison            Fire/Tmut/Pois 0%         N/A       100%        3
 Passage of Golubria      Tloc           0%         N/A       100%        4
 Sticky Flame             Conj/Fire      0%         2d3       100%        4
 Silence                  Hex/Air        0%         N/A       100%        5
 Lehudib's Crystal Spear  Conj/Erth      0%         10d2      100%        8


Dungeon Overview and Level Annotations

Branches:
Dungeon (6/15)
 Temple: D:4-7

Altars:
Hepliaklqana

Shops:
D:6 [


Innate Abilities, Weirdness & Mutations

You have a pair of horns on your head.
You reflexively headbutt those who attack you in melee.


Message History

The orc hits you but does no damage. The orc barely misses you.
Unknown command.
You feel much better. The troll bites you but does no damage.
The troll claws you but does no damage. The troll barely misses you.
The orc hits you but does no damage. The orc closely misses you.
You furiously retaliate!
You headbutt the orc!
You kill the orc!
You closely miss the troll. You hit the troll.
The troll is lightly wounded.
You block the troll's attack. The troll closely misses you.
The troll barely misses you. The orc barely misses you.
You furiously retaliate!
You headbutt the orc. You hit the troll.
The troll is lightly wounded.
You block the troll's attack. x2; The troll claws you.
The orc hits you but does no damage.
You slash the troll! Your headbutt misses the troll.
The troll is moderately wounded.
The troll barely misses you. You block the troll's attack. x2
You block the orc's attack.
You closely miss the troll. You headbutt the troll!
The troll is heavily wounded.
The troll bites you but does no damage. The troll claws you but does no damage.
The troll claws you! The orc hits you with a +0 hand axe.
You closely miss the troll.
The troll is heavily wounded.
You block the troll's attack. The troll claws you but does no damage.
The troll claws you!
* * * LOW HITPOINT WARNING * * *
You block the orc's attack.
You hit the troll.
The troll is heavily wounded.
The troll barely misses you. The troll claws you.
* * * LOW HITPOINT WARNING * * *
The troll claws you but does no damage. The orc barely misses you.
You hit the troll.
The troll is heavily wounded.
The troll bites you!
You die...

..##.......##
##.#.#.#.## #.##.#
#.###.....##
##....##.# #.##.. #.#
##...## ##.###.##
#.##.# #.# ##'##
#..#.## #.##.# #.#
#.# #.#.## #..... #.#
#.# #.### ##.#.# ..#
##.###########.#
#.#.# ###
##...##....)o##.#
#.#.. ##
#..........T@##.#
#.###
.#####.........[[)..#
#.#..
.........#..####.####
#.#..
.#####...#..####.#
#.... ##
#####....(..# #####
#.......# # #########
#


You could see a troll and an orc.

Vanquished Creatures
  2 ogres
  A phantom (D:4)
  A necrophage (D:4)
  6 wights
  A howler monkey (D:6)
  2 centaur zombies (D:4)
  2 jellies (D:5)
  6 hounds
  Crazy Yiuf (D:3)
  Natasha (thrice) (D:2)
  3 iguanas
  2 scorpion zombies (D:4)
  2 orc wizards
  2 hound zombies (D:4)
  A hound skeleton (D:4)
  7 adders
  6 gnolls
  2 adder skeletons (D:4)
  An adder zombie (D:4)
  4 dart slugs
  17 orcs
  6 ball pythons
  7 endoplasms
  A giant cockroach (D:3)
  9 hobgoblins
  10 jackals
  4 quokkas
  6 bats
  4 frilled lizards
  5 goblins
  5 kobolds
  A quokka skeleton (D:4)
  5 rats
135 creatures vanquished.

Vanquished Creatures (others)
  3 fungi (D:3)
3 creatures vanquished.

Grand Total: 138 creatures vanquished

Notes
Turn   | Place    | Note
-------+----------+-------------------------------------------
     0 | D:1      | Peloso the Minotaur Fighter began the quest for the Orb.
     0 | D:1      | Reached XP level 1. HP: 19/19 MP: 0/0
   465 | D:1      | Reached XP level 2. HP: 27/27 MP: 1/1
   943 | D:2      | Reached XP level 3. HP: 32/33 MP: 2/2
   983 | D:2      | Reached skill level 3 in Long Blades
  1263 | D:2      | Reached XP level 4. HP: 39/41 MP: 3/3
  1443 | D:2      | Found a hazy altar of Hepliaklqana.
  1625 | D:2      | Noticed Natasha
  1630 | D:2      | Killed Natasha
  1631 | D:2      | Reached skill level 4 in Long Blades
  1870 | D:2      | Noticed Natasha
  1880 | D:2      | Killed Natasha
  1966 | D:2      | Noticed Natasha
  1974 | D:2      | Killed Natasha
  1975 | D:2      | Reached XP level 5. HP: 30/47 MP: 4/4
  2776 | D:3      | Reached skill level 5 in Long Blades
  3035 | D:3      | Reached skill level 5 in Armour
  3149 | D:3      | Found a faded altar of an unknown god.
  3198 | D:3      | Found a runed translucent door.
  3199 | D:3      | Noticed Crazy Yiuf
  3288 | D:4      | Reached XP level 6. HP: 51/55 MP: 5/5
  3449 | D:4      | Reached skill level 5 in Fighting
  3449 | D:4      | Reached skill level 1 in Dodging
  3698 | D:4      | Reached skill level 6 in Long Blades
  4218 | D:4      | Reached XP level 7. HP: 53/61 MP: 6/6
  4482 | D:5      | Entered Level 5 of the Dungeon
  4598 | D:5      | Reached skill level 7 in Long Blades
  5502 | D:5      | Reached skill level 5 in Shields
  5593 | D:5      | Reached XP level 8. HP: 67/69 MP: 7/7
  5844 | D:3      | Killed Crazy Yiuf
  5943 | D:6      | Found Kicvuq's Armour Shop.
  5989 | D:6      | Noticed a troll
  6013 | D:5      | Reached skill level 8 in Long Blades
  6209 | D:6      | Noticed a two-headed ogre
  6666 | D:5      | Slain by a troll

Illustrated notes

Levels and vault maps discovered:
D:1:      dpeg_arrival_rooms_with_view, layout_loops_ring,
          chequers_serial_rivers_room_b
D:2:      layout_basic, basic_altar, chequers_garden, grunt_ministairs_15,
          uniq_natasha
D:3:      layout_basic, shapermc_ecumenical_altar_mp_vishouse,
          nicolae_hexahallways, minmay_distorted, uniq_crazy_yiuf_cottage
D:4:      layout_cave_pools, serial_undead, serial_undead_d, serial_undead_d,
          serial_undead_d, serial_undead_d
D:5:      layout_loops_corners
D:6:      layout_rooms, serial_shops, nicolae_stop_n_shop_2, shop, kb_rosetta

Skill      XL: |  1  2  3  4  5  6  7  8 |
---------------+-------------------------+-----
Fighting       | 4 5 6 |  6.6
Armour         | 4 5 6 7 |  7.2
Shields        | 4 5 |  5.2
Long Blades    | 3 4 5 6 7 8 |  8.9
Dodging        | 1 2 |  2.2
Stealth        | |  0.1

Action                   |  1- 3 |  4- 6 |  7- 9 || total
-------------------------+-------+-------+-------++-------
Melee: Long sword        |    50 |   209 |   106 ||   365
       Headbutt          |     8 |    44 |    23 ||    75
       Falchion          |       |       |    33 ||    33
       Scimitar          |       |       |    15 ||    15
  Use: Scroll            |     1 |     2 |     4 ||     7
       Potion            |       |     3 |     1 ||     4
Armor: Chain mail        |    41 |   174 |    76 ||   291
       Scale mail        |     3 |       |       ||     3
Dodge: Dodged            |    31 |   111 |    82 ||   224
Block: Buckler           |    12 |    62 |    46 ||   120
